 Dungeon Crawl Stone Soup version 0.30-a0-576-g89cddaab80 (webtiles) character file.

Game seed: 17159203145453326911

279 GenialerGandalf the Chopper (level 6, 0/55 HPs)
             Began as a Hill Orc Fighter on Dec 31, 2022.
             Succumbed to a killer bee's poison
             ... on level 4 of the Dungeon.
             The game lasted 00:13:03 (2651 turns).

GenialerGandalf the Chopper (Hill Orc Fighter)      Turns: 2651, Time: 00:13:03

Health: 0/55       AC: 10    Str: 21    XL:     6   Next: 26%
Magic:  6/6        EV:  9    Int: 14    God:
Gold:   297        SH:  4    Dex: 10    Spells: 5/5 levels left

rFire   . . .      SeeInvis .    a - +1 war axe
rCold   . . .      Faith    .    c - +0 buckler
rNeg    . . .      Spirit   .    b - +1 scale mail
rPois   .          Reflect  .    (no helmet)
rElec   .          Harm     .    p - +1 cloak
rCorr   .          Rampage  .    (no gloves)
Will    .....                    (no boots) Stlth
                                 (no amulet)
HPRegen 0.29/turn                m - +6 ring of intelligence
MPRegen 0.10/turn                (no ring)

@: lethally poisoned (0 -> -6)
A: no striking features
a: no special abilities


You were on level 4 of the Dungeon.
You visited 1 branch of the dungeon, and saw 4 of its levels.

You collected 297 gold pieces.

Inventory:

Hand Weapons
 a - a +1 war axe (weapon)
Armour
 b - a +1 scale mail (worn)
 c - a +0 buckler (worn)
 p - a +1 cloak (worn)
Jewellery
 m - a +6 ring of intelligence (left hand)
Scrolls
 h - a scroll of enchant armour
 k - 3 scrolls of silence
Potions
 d - a potion of might
 e - a potion of lignification {unknown}
 f - a potion of flight {unknown}
 g - a potion of curing {unknown}
 i - a potion of cancellation
 j - a potion of haste {unknown}
 l - a potion of brilliance {unknown}
 n - 2 potions of ambrosia {unknown}
 o - a potion of heal wounds {unknown}


   Skills:
 * Level 4.9 Fighting
 * Level 5.6 Axes
 * Level 4.4 Armour
 - Level 1.1 Dodging
 * Level 3.9 Shields
 * Level 0.2 Spellcasting


You had 5 spell levels left.
You didn't know any spells.
Your spell library contained the following spells:

 Spells                   Type           Power      Damage    Failure   Level
 Beastly Appendage        Tmut           0%         N/A       69%         1
 Shock                    Conj/Air       0%         1d3       69%         1
 Wereblood                Tmut           0%         N/A       83%         2
 Call Canine Familiar     Summ           0%         N/A       96%         3
 Inner Flame              Hex/Fire       0%         N/A       96%         3
 Ozocubu's Armour         Ice            0%         N/A       96%         3
 Portal Projectile        Hex/Tloc       0%         N/A       96%         3
 Spider Form              Tmut/Pois      0%         N/A       96%         3
 Swiftness                Air            0%         N/A       96%         3
 Airstrike                Air            0%         2d(0-16)  100%        4
 Cause Fear               Hex            0%         N/A       100%        4
 Leda's Liquefaction      Hex/Erth       0%         N/A       100%        4
 Ozocubu's Refrigeration  Ice            0%         4d7       100%        7
 Discord                  Hex            0%         N/A       100%        8


Dungeon Overview and Level Annotations

Branches:
Dungeon (4/15)
 Temple: D:4-7

Altars:
Gozag
Wu Jian

Annotations:
D:4 1 runed translucent door, Dowan, Duvessa


Message History

Duvessa attacks as you move away! Duvessa hits you with a +0 short sword.
Duvessa attacks as you move away! Duvessa hits you with a +0 short sword.
You hear the quick rusting of a very distant drain.
The killer bee buzzes angrily. x2; You hear an angry buzzing noise.
Duvessa attacks as you move away! Duvessa hits you but does no damage.
The killer bee buzzes angrily.
You hear an angry buzzing noise. x2
You feel very mighty all of a sudden. The killer bee stings you.
* * * LOW HITPOINT WARNING * * *
Dowan says, "Where the sword fails, magic succeeds!"
Duvessa barely misses you. You block the killer bee's attack.
You hit Duvessa.
Duvessa is lightly wounded.
You slash the quokka!
You kill the quokka!
You miss the killer bee. The killer bee stings you.
* * * LOW HITPOINT WARNING * * *
You are poisoned.
The killer bee poisons you! The killer bee closely misses you.
Duvessa hits you with a +0 short sword.
* * * LOW HITPOINT WARNING * * *
The killer bee closely misses you. Duvessa hits you with a +0 short sword.
* * * LOW HITPOINT WARNING * * *
Dowan casts a spell.
Dowan blinks!
You slash Duvessa!
Duvessa is severely wounded.
You miss the killer bee. You miss the adder.
* * * LOW HITPOINT WARNING * * *
You feel very sick.
The killer bee stings you but does no damage.
The adder bites you but does no damage. The killer bee barely misses you.
Duvessa hits you but does no damage. The adder barely misses you.
The killer bee stings you.
* * * LOW HITPOINT WARNING * * *
It was a potion of cancellation.
Your magical effects are unravelling.
You feel magically purged.
You feel a little less mighty now.
You die...

####..# ♣♣...♣ #...#
#.y.y.# ♣....♣ #.### #
#y##.## #....# #e#
#.##y##.# ##..## #.#
#..y....# #...# #W#
####.#### #..## #.#
##.## #.## #S#
#...#########§### #.#
#.#..yyy@egW....####.#
#...##y##S#.###......#
######.##.#.# #.######
#.##...###.#
#.####.....#
#.#####.#### #.......#
#########


You could see Duvessa, a phantom, 4 killer bees, an adder and a hobgoblin.

Vanquished Creatures
  Sigmund (D:2)
  4 adders
  7 orcs
  6 ball pythons
  4 bats
  4 endoplasms
  3 giant cockroaches
  12 goblins
  7 hobgoblins
  3 quokkas
  3 frilled lizards
  6 kobolds
  8 rats
68 creatures vanquished.

Notes
Turn   | Place    | Note
-------+----------+-------------------------------------------
     0 | D:1      | GenialerGandalf the Hill Orc Fighter began the quest for
                  | the Orb.
     0 | D:1      | Reached XP level 1. HP: 19/19 MP: 1/1
    52 | D:1      | Reached XP level 2. HP: 4/27 MP: 2/2
   356 | D:1      | Reached XP level 3. HP: 29/33 MP: 3/3
   448 | D:1      | Reached skill level 3 in Axes
   518 | D:2      | Noticed Sigmund
   532 | D:2      | Killed Sigmund
   533 | D:2      | Reached skill level 5 in Axes
   533 | D:2      | Reached skill level 1 in Dodging
   533 | D:2      | Reached XP level 4. HP: 10/41 MP: 4/4
   533 | D:2      | Reached XP level 5. HP: 11/47 MP: 5/5
  1000 | D:2      | Reached XP level 6. HP: 46/55 MP: 6/6
  1444 | D:3      | Found a faded altar of an unknown god.
  1981 | D:3      | Found an ornate altar of the Wu Jian Council.
  2092 | D:4      | Found an opulent altar of Gozag.
  2200 | D:4      | Found a runed translucent door.
  2477 | D:4      | Noticed Duvessa
  2477 | D:4      | Noticed Dowan
  2650 | D:4      | HP: 1/55 [killer bee (3)]
  2651 | D:4      | Succumbed to a killer bee's poison

Illustrated notes

Levels and vault maps discovered:
D:1:      dpeg_arrival_rhombus, layout_rooms, serial_rivers,
          chequers_serial_rivers_micro_e, chequers_serial_rivers_micro_e,
          chequers_serial_rivers_micro_b, chequers_serial_rivers_micro_c,
          chequers_serial_rivers_room_b
D:2:      kennysheep_the_goblin_king, layout_basic, minmay_hedge_maze,
          grunt_ministairs_15, uniq_sigmund
D:3:      layout_basic, mainiacjoe_overflow_alcove_2,
          ebering_ecumenical_altar_box
D:4:      layout_loops_cross, nicolae_gozag_seed_capital, gup_sewer_entry_bowl,
          uniq_menkaure, uniq_duvessa, uniq_crazy_yiuf_cottage

Skill      XL: |  1  2  3 |
---------------+----------+-----
Fighting       | 4 |  4.9
Axes           | 5 |  5.6
Armour         | 4 |  4.4
Dodging        | 1 |  1.1
Shields        | |  3.9
Spellcasting   | |  0.2

Action                   |  1- 3 |  4- 6 || total
-------------------------+-------+-------++-------
Melee: War axe           |    63 |   104 ||   167
  Use: Scroll            |       |     9 ||     9
       Potion            |       |     2 ||     2
Armor: Scale mail        |    37 |    93 ||   130
Dodge: Dodged            |    37 |    84 ||   121
Block: Buckler           |    16 |    37 ||    53

Table legend: (Time is in decaauts)
 A = Elapsed time spent in this place.
 B = Non-inter-level travel time spent in this place.
 C = Inter-level travel time spent in this place.
 D = Time resting spent in this place.
 E = Time spent auto-exploring this place.
 F = Levels seen in this place.
 G = Mean time per level.
                   A        B        C        D        E       F      G
               +--------+--------+--------+--------+--------+-----+--------+
         Total |   2709 |   2614 |     95 |    191 |   1549 |   4 |  677.2 |
       Dungeon |   2709 |   2614 |     95 |    191 |   1549 |   4 |  677.2 |
               +--------+--------+--------+--------+--------+-----+--------+

Top non-repeatable levels by time:
     D:2: 860 daAuts
     D:3: 747 daAuts
     D:4: 566 daAuts
     D:1: 535 daAuts
